 Dungeon Crawl Stone Soup version 0.19.0-24-gb05acd6 (console) character file.

3 Jesseh the Magician (level 1, -1/13 HPs)
             Began as a Demonspawn Wizard on Nov 21, 2016.
             Killed from afar by a dart slug (8 damage)
             ... with a slug dart
             ... on level 1 of the Dungeon.
             The game lasted 00:01:29 (122 turns).

Jesseh the Magician (Demonspawn Wizard)              Turns: 122, Time: 00:01:29

Health: -1/13      AC:  2    Str:  7    XL:     1   Next: 41%
Magic:  0/4        EV: 12    Int: 19    God:
Gold:   6          SH:  0    Dex: 11    Spells: 1 memorised, 5 levels left

rFire  . . .     SeeInvis .     (no weapon)
rCold  . . .     Gourm    .     a - +0 robe
rNeg   . . .     Faith    .     (no shield)
rPois  .         Spirit   .     b - +0 hat
rElec  .         Reflect  .     (no cloak)
rCorr  .         Harm     .     (no gloves)
MR     .....                    (no boots)
Stlth  ++........               (no amulet)
                                (no ring)
                                (no ring)

@: very slightly contaminated
A: no striking features
a: no special abilities


You were on level 1 of the Dungeon.
You were not hungry.

You visited 1 branch of the dungeon, and saw 1 of its levels.

You collected 6 gold pieces.

Inventory:

Armour
 a - a +0 robe (worn)
 b - a +0 hat (worn)
Scrolls
 e - a scroll of teleportation {unknown}
Books
 c - a book of Minor Magic
Comestibles
 d - a bread ration
 f - 2 chunks of flesh


   Skills:
 - Level 1.7 Dodging
 - Level 1.7 Stealth
 - Level 3.0 Spellcasting
 * Level 1.5 Conjurations
   Level 1.0 Summonings
   Level 0.8 Translocations


You had 5 spell levels left.
You knew the following spells:

 Your Spells              Type           Power        Failure   Level  Hunger
a - Magic Dart            Conj           #...         10%         1    None


Dungeon Overview and Level Annotations

Branches:
Dungeon (1/15)

Altars:


Message History

Welcome, Jesseh the Demonspawn Wizard.
Will you prevail where others failed? Will you find the Orb of Zot?
Found a staircase leading out of the dungeon.
Currently training: Conjurations(1).
Choose a target skill level: You enter the shallow water.
Moving in this stuff is going to be slow.
You open the door.
There is an open door here.
e - a scroll labeled GUTITE EGIXAHI
Found an escape hatch in the floor.
A kobold comes into view. It is wielding a club.
Aim: a kobold, wielding a club (resting)
You miscast Magic Dart.
You are very lightly contaminated with residual magic.
You smell something strange.
Aim: a kobold, wielding a club (resting)
The magic dart hits the kobold.
The kobold shouts!
Aim: a kobold, wielding a club The magic dart hits the kobold.
Aim: a kobold, wielding a club The magic dart hits the kobold.
Unknown command.
You closely miss the kobold. You hit the kobold but do no damage.
The kobold closely misses you.
You hit the kobold but do no damage. The kobold closely misses you.
You hit the kobold.
You kill the kobold!
You see here a club.
You start resting.
Your magical contamination has completely faded away.
You start resting.
You now have 6 gold pieces.
A rat comes into view.
The helpless rat fails to defend itself.
You hit the rat but do no damage. The rat bites you but does no damage.
You barely miss the rat. The rat bites you.
You closely miss the rat. The rat misses you.
You closely miss the rat. The rat closely misses you.
You hit the rat. The rat closely misses you.
You closely miss the rat. The rat bites you.
You hit the rat but do no damage. The rat bites you.
You hit the rat but do no damage. The rat bites you.
You hit the rat.
You kill the rat!
A leopard gecko comes into view.
Aim: a leopard gecko (clinging, resting)
The magic dart hits the leopard gecko.
The leopard gecko hisses angrily.
Aim: a leopard gecko (severely wounded, clinging)
The magic dart hits the leopard gecko.
You kill the leopard gecko!
A dart slug comes into view.
The dart slug launches a dart at you. The slug dart misses you.
The dart slug launches a dart at you. The slug dart misses you.
You see here 20 stones.
You see here a leopard gecko corpse.
You butcher the leopard gecko corpse.
f - 2 chunks of flesh You see here 20 stones.
You see here 20 stones.
Aim: a dart slug (clinging)
The magic dart hits the dart slug.
Aim: a dart slug (heavily wounded, clinging)
The magic dart hits the dart slug.
The dart slug launches a dart at you. The slug dart misses you.
Aim: a dart slug (heavily wounded, clinging)
You miscast Magic Dart.
You are very lightly contaminated with residual magic.
Nothing appears to happen.
You hit the dart slug but do no damage. The dart slug barely misses you.
You hit the dart slug but do no damage. The dart slug bites you.
You hit the dart slug. The dart slug launches a dart at you.
The slug dart hits you!
Ouch! That really hurt!
You die...

▒▒▒▒▒▒▒.▒▒▒▒▒▒≈▒▒≈▒
▒.▒ ▒▒≈≈≈▒ ▒.▒
▒≈▒▒▒▒▒▒▒ ▒▒▒.▒
▒▒▒▒≈≈≈≈≈≈▒ ▒...▒
▒▒.▒≈▒▒▒≈▒≈▒
▒...▒▒▒..▒≈▒≈<≈▒≈▒
▒...▒▒...▒≈≈≈≈≈≈≈▒
▒........▒▒▒▒+▒▒▒▒
▒...▒▒..w6.......▒
▒...▒▒..▒▒▒▒▒▒.....
▒......... ...
▒▒▒......... .
▒...▒▒...... ▒..▒
.▒▒▒▒▒ ▒... .▒ ....
w▒


You could see a dart slug.

Vanquished Creatures
  A leopard gecko (D:1)
  A kobold (D:1)
  A rat (D:1)
3 creatures vanquished.

Notes
Turn   | Place    | Note
-------+----------+-------------------------------------------
     0 | D:1      | Jesseh the Demonspawn Wizard began the quest for the Orb.
     0 | D:1      | Reached XP level 1. HP: 13/13 MP: 4/4
   122 | D:1      | Killed from afar by a dart slug

Action                   || total
-------------------------++-------
Melee: Unarmed           ||    16
 Cast: Magic Dart        ||     7
 Stab: Sleeping          ||     1
Armor: Robe              ||     1
Dodge: Dodged            ||     9

Vault maps used:
D:1:      ncdulo_wetmaze

Table legend:
 A = Turns spent in this place as a percentage of turns spent in the entire game.
 B = Non-inter-level travel turns spent in this place as a percentage of non-inter-level travel turns spent in the entire game.
 C = Inter-level travel turns spent in this place as a percentage of turns spent in this place.
 D = Turns resting spent in this place as a percentage of non-inter-level travel turns spent in this place.
 E = Turns spent auto-exploring this place as a percentage of non-inter-level travel turns spent in this place.
 F = Non-inter-level travel turns spent in this place divided by the number of levels of this place that you've seen.
                   A       B       C       D       E      F
               +-------+-------+-------+-------+-------+----------------------
         Total | 100.0 | 100.0 |   0.0 |   5.8 |   9.6 |  52.0
       Dungeon | 100.0 | 100.0 |   0.0 |   5.8 |   9.6 |  52.0
               +-------+-------+-------+-------+-------+----------------------

Table legend:
 A = Kills in this place as a percentage of kills in entire the game.
 B = Kills by you in this place as a percentage of kills by you in the entire game.
 C = Kills by friends in this place as a percentage of kills by friends in the entire game.
 D = Other kills in this place as a percentage of other kills in the entire game.
 E = Experience gained in this place as a percentage of experience gained in the entire game.
 F = Experience gained in this place divided by the number of levels of this place that you have seen.
                   A       B       C       D       E      F
               +-------+-------+-------+-------+-------+----------------------
         Total | 100.0 | 100.0 |  -nan |  -nan | 100.0 |   5.0
       Dungeon | 100.0 | 100.0 |  -nan |  -nan | 100.0 |   5.0
               +-------+-------+-------+-------+-------+----------------------
